 Dungeon Crawl Stone Soup version 0.29-a0-1065-g47a6bb87d6 (webtiles) character file.

Game seed: 11766339322493493262

213 greasedhog the Sneak (level 5, -5/35 HPs)
             Began as a Gargoyle Delver on Aug 18, 2022.
             Slain by an ogre
             ... wielding a +0 giant club
              (26 damage)
             ... on level 4 of the Dungeon.
             The game lasted 00:05:09 (4232 turns).

greasedhog the Sneak (Gargoyle Delver)              Turns: 4232, Time: 00:05:09

Health: -5/35      AC: 12    Str: 18    XL:     5   Next: 90%
Magic:  5/5        EV:  7    Int:  8    God:
Gold:   176        SH:  0    Dex: 11    Spells: 4/4 levels left

rFire   . . .      SeeInvis .   a - +1 mace
rCold   . . .      Faith    .   (no shield)
rNeg    + . .      Spirit   .   b - +0 chain mail
rPois   ∞          Reflect  .   (no helmet)
rElec   +          Harm     .   (no cloak)
rCorr   .          Rampage  .   (no gloves)
Will    .....                   (no boots)
Stlth   ..........              (no amulet)
HPRegen 0.11/turn               (no ring)
MPRegen 0.09/turn               (no ring)

@: about to teleport
A: sickness immunity, AC +4, negative energy resistance 1, electricity
resistance, torment resistance 1, petrification resistance, dopey 1, screaming 1
a: no special abilities


You were on level 4 of the Dungeon.
You visited 1 branch of the dungeon, and saw 5 of its levels.

You collected 176 gold pieces.

Inventory:

Hand Weapons
 a - a +1 mace (weapon)
Missiles
 k - 2 poisoned darts (quivered)
Armour
 b - a +0 chain mail (worn)
Jewellery
 e - a ring of ice
Wands
 g - a wand of digging (3)
Scrolls
 d - 2 scrolls of magic mapping
 h - a scroll of immolation
 n - a scroll of enchant weapon
Potions
 i - a potion of might {unknown}
 j - a potion of flight {unknown}
 l - a potion of lignification {unknown}


   Skills:
 - Level 5.0 Fighting
 * Level 4.3 Maces & Flails
 * Level 1.9 Armour
 - Level 1.5 Dodging
 - Level 5.4 Stealth


You had 4 spell levels left.
You didn't know any spells.
Your spell library contained the following spells:

 Spells                   Type           Power      Damage    Failure   Level
 Frozen Ramparts          Ice            0%         1d1       100%        3
 Portal Projectile        Hex/Tloc       0%         N/A       100%        3
 Tukima's Dance           Hex            0%         N/A       100%        3
 Airstrike                Air            0%         2d(0-16)  100%        4
 Ice Form                 Ice/Tmut       0%         N/A       100%        4
 Summon Ice Beast         Ice/Summ       0%         N/A       100%        4
 Summon Lightning Spire   Summ/Air       0%         N/A       100%        4
 Blade Hands              Tmut           0%         N/A       100%        5
 Lightning Bolt           Conj/Air       0%         1d11      100%        5


Dungeon Overview and Level Annotations

Branches:
Dungeon (5/15)
 Temple: D:4-7

Altars:
Cheibriados
Sif Muna


Innate Abilities, Weirdness & Mutations

You are immune to sickness and miasma.
Your stone body is resilient. (AC +4)
You are immune to poison.
You resist negative energy. (rN+)
You are resistant to electric shocks. (rElec)
You are resistant to unholy torment.
You are immune to petrification.
You are dopey. (Int -2)
You occasionally shout uncontrollably at your foes.


Message History

k - 6 poisoned darts (gained 4)
An ogre comes into view. It is wielding a +0 giant club.
The ogre shouts!
You thump the hobgoblin!
You kill the hobgoblin!
Throw: 6 darts (poison)
Press: ? - help, Q - select action Shift-Dir - straight line, f - ogre
Aim: an ogre, wielding a +0 giant club (73% to hit)
You throw a poisoned dart. The poisoned dart hits the ogre.
The ogre is poisoned.
Unknown command.
Throw: 5 darts (poison)
Press: ? - help, Q - select action Shift-Dir - straight line, f/p - ogre
Aim: an ogre, wielding a +0 giant club (lightly wounded, poisoned, 73% to hit)
You throw a poisoned dart. The poisoned dart hits the ogre.
The ogre is lightly wounded.
A jackal comes into view.
Throw: 4 darts (poison)
Press: ? - help, Q - select action Shift-Dir - straight line, f/p - ogre
Aim: an ogre, wielding a +0 giant club (lightly wounded, poisoned, 73% to hit)
You throw a poisoned dart.
The poisoned dart barely misses the ogre.
A kobold comes into view. It is wielding a +0 club.
Throw: 3 darts (poison)
Press: ? - help, Q - select action Shift-Dir - straight line, f/p - ogre
Aim: an ogre, wielding a +0 giant club (lightly wounded, poisoned, 73% to hit)
You throw a poisoned dart. The poisoned dart hits the ogre.
The ogre is lightly wounded.
The ogre hits you with a +0 giant club!!
Ouch! That really hurt!
* * * LOW HITPOINT WARNING * * *
It was a potion of heal wounds.
You feel much better. The ogre hits you with a +0 giant club!
As you read the scroll of teleportation, it crumbles to dust.
You feel strangely unstable. The jackal barely misses you.
You sock the ogre!
The ogre is severely wounded.
The ogre hits you with a +0 giant club!!
Ouch! That really hurt!
You die...

..#!. #.#.#
#######.#.#
.......>#.#
##........###
............#
#.#####...#...#
# #...###..#
#.)@h.##.###
#.#.O.......
#.#.K(......
#.#..#......
#.#<.#......
#.#### #(... #.
.... ## ... .(


You could see an ogre (poisoned), a jackal and a kobold.

Vanquished Creatures
  Natasha (thrice) (D:3)
  An orc wizard (D:3)
  3 adders
  A worm (D:2)
  3 dart slugs
  8 orcs (D:3)
  3 bats (D:1)
  5 endoplasms
  3 giant cockroaches
  4 goblins
  7 hobgoblins
  7 jackals (D:1)
  5 kobolds
  4 quokkas
  6 ball pythons
  4 frilled lizards
  2 rats (D:1)
69 creatures vanquished.

Notes
Turn   | Place    | Note
-------+----------+-------------------------------------------
     0 | D:5      | greasedhog the Gargoyle Delver began the quest for the Orb.
     0 | D:5      | Reached XP level 1. HP: 14/14 MP: 1/1
     9 | D:5      | Noticed an orc priest
    19 | D:5      | Noticed a centaur
    32 | D:5      | Noticed an ogre
    39 | D:5      | Noticed an orc priest
    40 | D:5      | Noticed an ice beast
   209 | D:1      | Reached XP level 2. HP: 19/19 MP: 2/2
   380 | D:1      | You fall into a shaft and drop 1 floor!
   651 | D:1      | Found a faded altar of an unknown god.
   693 | D:1      | Reached XP level 3. HP: 14/24 MP: 3/3
  1710 | D:2      | Found a snail-covered altar of Cheibriados.
  2274 | D:3      | Found a shimmering blue altar of Sif Muna.
  2294 | D:3      | Reached XP level 4. HP: 19/30 MP: 4/4
  2417 | D:3      | Noticed Natasha
  2431 | D:3      | Killed Natasha
  2561 | D:3      | Gained mutation: You are dopey. (Int -2) [potion of
                  | mutation]
  2561 | D:3      | Gained mutation: You occasionally shout uncontrollably at
                  | your foes. [potion of mutation]
  2563 | D:3      | Noticed Natasha
  2578 | D:3      | Killed Natasha
  2579 | D:3      | Reached skill level 5 in Fighting
  2579 | D:3      | Reached XP level 5. HP: 12/35 MP: 5/5
  2830 | D:3      | Noticed Natasha
  2839 | D:3      | Killed Natasha
  3014 | D:3      | Reached skill level 1 in Armour
  4121 | D:4      | Noticed an ogre
  4223 | D:4      | Noticed an ogre
  4232 | D:4      | Slain by an ogre

Illustrated notes

Levels and vault maps discovered:
D:1:      amcnicky_arrival_double_pillar, layout_basic,
          ebering_ecumenical_altar_sacrificial
D:2:      layout_basic, basic_altar, reono_crystal_passage
D:3:      layout_basic, lemuel_tele_altar, uniq_natasha
D:4:      layout_basic, mainiacjoe_overflow_concentric_impassable,
          sigmund_edmund_badplayer
D:5:      layout_basic, zin_purify, serial_shops, nicolae_inconvenience_store

Skill      XL: |  1  2  3  4  5 |
---------------+----------------+-----
Fighting       | 4 5 |  5.0
Maces & Flails | 3 4 |  4.3
Armour         | 1 |  1.9
Dodging        | |  1.5
Stealth        | |  5.4

Action                   |  1- 3 |  4- 6 || total
-------------------------+-------+-------++-------
Melee: Mace              |   120 |   110 ||   230
       Punch             |       |     1 ||     1
Throw: Dart              |       |     4 ||     4
  Use: Scroll            |     5 |     3 ||     8
       Potion            |     1 |     2 ||     3
 Stab: Sleeping          |     5 |       ||     5
Armor: Scale mail        |    51 |    14 ||    65
       Ring mail         |    10 |       ||    10
       Chain mail        |       |    40 ||    40
Dodge: Dodged            |    62 |    50 ||   112

Table legend: (Time is in decaauts)
 A = Elapsed time spent in this place.
 B = Non-inter-level travel time spent in this place.
 C = Inter-level travel time spent in this place.
 D = Time resting spent in this place.
 E = Time spent auto-exploring this place.
 F = Levels seen in this place.
 G = Mean time per level.
                   A        B        C        D        E       F      G
               +--------+--------+--------+--------+--------+-----+--------+
         Total |   4267 |   4112 |    155 |    628 |   2757 |   5 |  853.4 |
       Dungeon |   4267 |   4112 |    155 |    628 |   2757 |   5 |  853.4 |
               +--------+--------+--------+--------+--------+-----+--------+

Top non-repeatable levels by time:
     D:3: 1888 daAuts
     D:1: 1242 daAuts
     D:2: 931 daAuts
     D:4: 147 daAuts
     D:5: 58 daAuts
